AoeStats
← Lukebeam54

Black Forest

506724208Analyzed
4v4 RM · 17d ago on Sep 14, 2026· 51m 34s· 8 players
Game mode
Random Map
Map size
Large (8 player)
Population
200
Speed
Normal
Resources
Standard
Victory
Conquest
Starting age
Dark Age
Ending age
Imperial Age
RankedLock teamsTeams togetherTeam positionsShared explorationLock speedFull tech treeHidden civsTurbo modeCheats
Victory
Defeat
🇹🇷 Khmer · Türkiye
721
+10
🇷🇺 Persians · Russia
696
+11
🇨🇱 Japanese · Chile
649
+13
🇷🇺 Chinese · Russia
602
+16
🇭🇺 Britons · Hungary
873
-79
🇨🇦 Slavs · Canada
623
-13
🇺🇸 Romans · United States
507
-12
🇭🇺 Byzantines · Hungary
352
-5
Lukebeam54
10:35 Feudal Age
18:06 Wheelbarrow
17:39 Double-Bit Axe
18:00 Horse Collar
20:34 Man-at-Arms
26:04 Castle Age
27:32 Long Swordsman
30:17 Heavy Plow
30:18 Gold Mining
32:47 Hand Cart
41:30 Imperial Age
42:55 Legionary
tbogwald
2:27 Loom
13:45 Feudal Age
14:32 Double-Bit Axe
14:29 Horse Collar
20:01 Man-at-Arms
20:54 Forging
21:33 Scale Mail Armor
25:46 Town Watch
28:36 Castle Age
28:54 Long Swordsman
29:36 Squires
29:51 Bow Saw
29:43 Heavy Plow
30:21 Iron Casting
30:02 Chain Mail Armor
43:46 Imperial Age
42:00 Town Patrol
42:36 Wheelbarrow
42:02 Gold Mining
42:05 Stone Mining
43:58 Two-Handed Swordsman
45:42 Blast Furnace
44:45 Druzhina
45:09 Conscription
45:27 Plate Mail Armor
46:00 Two-Man Saw
45:33 Crop Rotation
45:25 Hand Cart
44:59 Champion
46:17 Fletching
46:32 Detinets
48:17 Bodkin Arrow
Doki2326
15:22 Feudal Age
21:16 Wheelbarrow
22:19 Horse Collar
23:28 Double-Bit Axe
30:55 Castle Age
32:43 Bow Saw
32:36 Heavy Plow
32:31 Gold Mining
32:31 Stone Mining
33:01 Hand Cart
32:45 Pikeman
33:11 Gambesons
33:26 Squires
37:08 Imperial Age
35:24 Squires
37:48 Stone Shaft Mining
37:49 Gold Shaft Mining
37:32 Forging
37:23 Scale Mail Armor
37:25 Fletching
39:37 Crop Rotation
40:12 Two-Man Saw
43:23 Halberdier
44:11 Guard Tower
44:08 Arrowslits
44:37 Fortified Wall
44:24 Murder Holes
47:23 Keep
47:17 Arson
47:07 Heavy Camel Rider
Hush1624
12:33 Loom
18:32 Feudal Age
34:44 Wheelbarrow
36:41 Man-at-Arms
VET
4:46 Loom
19:45 Feudal Age
21:05 Double-Bit Axe
22:00 Wheelbarrow
21:34 Horse Collar
28:48 Gold Mining
28:55 Stone Mining
33:55 Castle Age
34:31 Bow Saw
34:39 Hand Cart
34:26 Heavy Plow
36:10 Fletching
38:50 Murder Holes
40:27 Masonry
40:38 Ballistics
41:08 Town Watch
41:37 Bodkin Arrow
43:09 Stone Shaft Mining
49:41 Imperial Age
47:14 Town Patrol
49:55 Scale Barding Armor
50:01 Forging
50:58 Architecture
51:15 Chain Barding Armor
51:10 Bloodlines
51:04 Husbandry
Mapuche Mayer
0:30 Loom
15:31 Feudal Age
15:59 Man-at-Arms
16:44 Double-Bit Axe
16:40 Horse Collar
17:33 Arson
28:37 Castle Age
26:29 Stone Mining
26:31 Gold Mining
29:36 Heavy Plow
29:47 Bow Saw
30:33 Wheelbarrow
31:19 Wheelbarrow
34:47 Hand Cart
34:17 Town Watch
36:10 Gold Shaft Mining
35:49 Forging
35:39 Scale Mail Armor
36:40 Yasama
37:16 Iron Casting
36:32 Fletching
37:36 Caravan
38:07 Coinage
38:00 Town Patrol
38:28 Ballistics
37:48 Treadmill Crane
38:04 Murder Holes
37:59 Guard Tower
38:51 Chain Mail Armor
41:51 Imperial Age
39:54 Masonry
40:55 Bodkin Arrow
42:58 Kataparuto
42:58 Conscription
42:57 Bracer
43:57 Blast Furnace
43:28 Plate Mail Armor
44:17 Chemistry
43:02 Arrowslits
43:53 Keep
43:14 Capped Ram
43:50 Elite Samurai
46:05 Siege Engineers
52:12 Hoardings
Laktus
8:57 Loom
12:22 Feudal Age
12:43 Horse Collar
13:09 Double-Bit Axe
14:22 Gold Mining
15:08 Stone Mining
21:33 Wheelbarrow
20:45 Town Watch
22:03 Bloodlines
22:16 Scale Barding Armor
26:11 Castle Age
26:42 Town Watch
27:29 Heavy Plow
28:01 Bow Saw
28:32 Gold Shaft Mining
28:36 Stone Shaft Mining
29:09 Hand Cart
29:41 Padded Archer Armor
29:31 Fletching
29:52 Forging
29:44 Scale Mail Armor
31:36 Caravan
32:06 Coinage
33:05 Town Patrol
33:44 Husbandry
34:24 Iron Casting
33:44 Bodkin Arrow
36:38 Tusk Swords
39:40 Imperial Age
40:06 Ballistics
40:26 Chain Barding Armor
40:27 Leather Archer Armor
40:09 Bodkin Arrow
40:00 Elite Ballista Elephant
40:57 Double Crossbow
41:18 Conscription
41:42 Hoardings
42:34 Banking
41:45 Heavy Scorpion
46:24 Plate Barding Armor
46:22 Ring Archer Armor
45:55 Bracer
Я_НЕ_ПЛАЧУ
13:09 Feudal Age
13:43 Double-Bit Axe
13:42 Horse Collar
14:41 Wheelbarrow
24:17 Castle Age
25:39 Bow Saw
25:33 Heavy Plow
26:48 Caravan
28:35 Gold Mining
28:38 Stone Mining
33:01 Ballistics
33:54 Gold Shaft Mining
33:56 Stone Shaft Mining
37:35 Imperial Age
37:01 Hand Cart
37:12 Forging
37:03 Scale Mail Armor
37:11 Scale Barding Armor
41:32 Two-Man Saw
40:15 Elite Fire Lancer
40:43 Arson
41:39 Iron Casting
41:19 Chain Mail Armor
45:16 Conscription
44:16 Elite Chu Ko Nu
48:03 Fletching
48:14 Padded Archer Armor
48:19 Crossbowman
49:09 Thumb Ring
Connection lost

Rejoining the realm…

Still unreachable

The connection could not be restored.

Session expired

The server has moved on; the page needs a fresh start.